 Dungeon Crawl Stone Soup version 0.17-a0-2220-g6fea741 (webtiles) character file.

154 ololoev the Chopper (level 5, -2/47 HPs)
             Began as a Hill Orc Fighter on Oct 28, 2015.
             Slain by an ogre
             ... wielding a +0 giant club
              (17 damage)
             ... on level 4 of the Dungeon.
             The game lasted 00:05:16 (764 turns).

ololoev the Chopper (Hill Orc Fighter)               Turns: 764, Time: 00:05:16

Health: -2/47      AC:  9    Str: 20    XL:     5   Next: 36%
Magic:  5/5        EV:  5    Int:  8    God:
Gold:   33         SH:  9    Dex: 16    Spells: 0 memorised, 4 levels left

rFire  . . .     SeeInvis .     a - +0 war axe
rCold  + . .     Clarity  .     g - +0 chain mail {rC+}
rNeg   . . .     SustAt   .     c - +0 shield
rPois  .         Gourm    .     (no helmet)
rElec  .         Spirit   .     (no cloak)
rCorr  .         Warding  .     (no gloves)
rMut   .         Stasis   .     (no boots)
MR     .....                    (no amulet)
Stlth  ..........               (no ring)
                                h - +6 ring of dexterity

@: not resistant to hostile enchantments, extremely unstealthy
A: no striking features
a: no special abilities

Inventory:

Hand Weapons
 a - a +0 war axe (weapon)
Armour
 c - a +0 shield (worn)
 g - a +0 chain mail of cold resistance (worn)
Jewellery
 h - a +6 ring of dexterity (left hand)
Scrolls
 b - 3 scrolls of remove curse {unknown}
 d - 2 scrolls of identify {unknown}
 f - a scroll of random uselessness {unknown}
 i - a scroll of noise {unknown}
 k - a scroll of teleportation {unknown}
Potions
 j - a potion of flight {unknown}
Comestibles
 e - a bread ration
 l - a chunk of flesh


   Skills:
 + Level 4.6 Fighting
 * Level 5.5 Axes
 + Level 4.1 Armour
 - Level 3.2 Shields


You had 4 spell levels left.
You didn't know any spells.


You were on level 4 of the Dungeon.
You were not hungry.

You visited 1 branch of the dungeon, and saw 5 of its levels.

You collected 33 gold pieces.

######
......#############
######.............###
#$......#.####.###...
##.###.#.#.###...##.##
......###........#...##
.....#.#@#.###........###
......#O##.# #........)).
.......S##.# #..#..[..###
...........# #........# #
.......##### #.###...## #
....... #. ##.## #
>(...#. #. ..# # ..#.##.
...##### .... .. ##. #...

Notes
Turn   | Place    | Note
--------------------------------------------------------------
     0 | D:1      | ololoev the Hill Orc Fighter began the quest for the Orb.
     0 | D:1      | Reached XP level 1. HP: 19/19 MP: 1/1
   286 | D:2      | Found a sacrificial altar of Ru.
   347 | D:2      | Reached XP level 2. HP: 27/27 MP: 2/2
   353 | D:2      | Found a shadowy altar of Dithmenos.
   424 | D:3      | HP: 1/27 [worm (7)]
   572 | D:3      | Reached skill level 4 in Fighting
   572 | D:3      | Reached XP level 3. HP: 19/33 MP: 3/3
   629 | D:3      | Noticed Terence
   635 | D:3      | Killed Terence
   635 | D:3      | Reached XP level 4. HP: 18/40 MP: 4/4
   690 | D:4      | Reached skill level 5 in Axes
   705 | D:5      | Entered Level 5 of the Dungeon
   728 | D:4      | Reached XP level 5. HP: 28/47 MP: 5/5
   757 | D:4      | Noticed an ogre
   764 | D:4      | Slain by an ogre

Dungeon Overview and Level Annotations

Branches:
Dungeon (5/15)
 Temple: D:4-7

Altars:
Dithmenos
Ru


Message History

The worker ant is moderately wounded.
You block the worker ant's attack.
The worker ant bites you but does no damage.
You closely miss the worker ant.
The worker ant is moderately wounded.
The worker ant completely misses you.
The worker ant bites you but does no damage.
You hit the worker ant.
The worker ant is almost dead.
The worker ant bites you but does no damage.
You closely miss the worker ant.
The worker ant is almost dead.
The worker ant bites you but does no damage.
You block the worker ant's attack.
Your shield and chain mail prevent you from hitting the worker ant.
The worker ant is almost dead.
The worker ant barely misses you.
You closely miss the worker ant.
The worker ant is almost dead.
The worker ant barely misses you.
The worker ant bites you but does no damage.
You slash the worker ant!
You kill the worker ant!
You see here a worker ant corpse.
You butcher the worker ant corpse.
l - a chunk of flesh An ogre comes into view.
It is wielding a giant club.
The ogre shouts!
Found 12 stones.
Found a stone staircase leading down.
An adder comes into view.
You see here a scroll labeled XEFROS FIQIHI.
b - 3 scrolls labeled XEFROS FIQIHI (gained 1)
You slash the ogre!
The ogre is heavily wounded.
The ogre hits you with a giant club!!
You hit the ogre.
The ogre is severely wounded.
The ogre hits you with a giant club!
You die...

You could see an ogre and an adder.

Vanquished Creatures
  An orc wizard (D:4)
  Terence (D:3)
  A centaur skeleton (D:4)
  A worker ant (D:4)
  2 adders (D:3)
  A worm (D:3)
  8 orcs
  A ball python (D:3)
  A giant cockroach (D:2)
  A hobgoblin (D:2)
  A quokka (D:3)
  A bat (D:2)
  A giant gecko (D:3)
  2 giant newts
  3 goblins
  4 kobolds
  2 rats
32 creatures vanquished.

Action                   |  1- 3 |  4- 6 || total
-------------------------+-------+-------++-------
Melee: War axe           |    81 |    32 ||   113
  Use: Potion            |     1 |       ||     1

Vault maps used:
D:1:      roderic_dead_forest, roderic_lattice_a
D:2:      marbit_many_paths, makhleb_heckhound_becter, first_bread,
          hangedman_ru_absence
D:3:      uniq_terence
D:4:      kennysheep_mini, serial_shops, nicolae_shop_trees, uniq_menkaure,
          uniq_grinder
D:5:      lemuel_doored_altar, nicolae_overflow_crystal_walls,
          grunt_ministairs_6
